NWL (28 & UNDER)
CULVER CITY EXTRAS @ MENLO MANIACS
07/20/2023
 
TOP OF THE 1ST
Culver City Extras batting - Pitching for Menlo Maniacs : RHP Dan Wilson
Pitching: RHP Dan Wilson
Batting: RHB Sergio Pujols 0-0: SINGLE (Line Drive, 9LS)
Batting: RHB Mario López 0-0: Ball
1-0: Ball
2-0: Foul Ball, location: 2F
2-1: Called Strike
2-2: SINGLE (Groundball, 6S) (infield hit)
Sergio Pujols to second
Batting: LHB Jason Lambert 0-0: Ball
1-0: 3-RUN HOME RUN (Flyball, 9D), Distance : 388 ft
Batting: RHB Ricardo Cabrera 0-0: Ground out 6-3 (Groundball, 6)
Batting: RHB Oscar Rudd 0-0: Swinging Strike
0-1: DOUBLE (Line Drive, 9LM)
Batting: LHB Larry Howard 0-0: Fly out, F9 (Flyball, 9LM)
Batting: RHB Armando Pagán 0-0: Ball
1-0: Swinging Strike
1-1: Foul Ball, location: 2F
1-2: Foul Ball, location: 2F
1-2: Strikes out looking
Top of the 1st over - 3 run(s), 4 hit(s), 0 error(s), 1 left on base; Culver City 3 - Menlo 0
BOTTOM OF THE 1ST
Menlo Maniacs batting - Pitching for Culver City Extras : RHP Guy Smith
Pitching: RHP Guy Smith
Batting: LHB Héctor Flores 0-0: Ball
1-0: Foul Ball, location: 2F
1-1: Ball
2-1: Foul Ball, location: 2F
2-2: Fly out, F7 (Flyball, 7M)
Batting: RHB Alberto Hernández 0-0: Called Strike
0-1: SINGLE (Line Drive, 6M)
Batting: LHB Vincente Sáenz 0-0: Ball
1-0: Swinging Strike
1-1: Swinging Strike
1-2: Fly out, F7 (Line Drive, 7S)
Batting: RHB Yasuhiko Sumita 0-0: Ball
1-0: Foul Ball, location: 2F
1-1: Foul Ball, location: 2F
1-2: SINGLE (Groundball, 34)
Alberto Hernández to second
Runner from 2nd tries for 3rd, SAFE, no throw or cutoff
Batting: RHB Tom Meyer 0-0: Swinging Strike
0-1: Ball
1-1: Ball
2-1: Ball
3-1: Base on Balls
Yasuhiko Sumita to second
Batting: LHB Paul Alexander 0-0: Called Strike
0-1: Called Strike
0-2: Ball
1-2: Strikes out swinging
Bottom of the 1st over - 0 run(s), 2 hit(s), 0 error(s), 3 left on base; Culver City 3 - Menlo 0
TOP OF THE 2ND
Culver City Extras batting - Pitching for Menlo Maniacs : RHP Dan Wilson
Batting: RHB Cal Rogers 0-0: Called Strike
0-1: Ground out 4-3 (Groundball, 4)
Batting: RHB Salvador Medine 0-0: Called Strike
0-1: Ground out U3 (Groundball, 3)
Batting: RHB Sergio Pujols 0-0: Called Strike
0-1: Ball
1-1: Called Strike
1-2: Foul Ball, location: 2F
1-2: Ball
2-2: SINGLE (Line Drive, 9LS)
Batting: RHB Mario López 0-0: Ball
1-0: Foul Ball, location: 2F
1-1: Ground out 1-3 (Groundball, 13)
Top of the 2nd over - 0 run(s), 1 hit(s), 0 error(s), 1 left on base; Culver City 3 - Menlo 0
BOTTOM OF THE 2ND
Menlo Maniacs batting - Pitching for Culver City Extras : RHP Guy Smith
Batting: RHB Bob Campbell 0-0: Ball
1-0: Foul Ball, location: 2F
1-1: Foul Ball, location: 2F
1-2: Strikes out looking
Batting: LHB Marcos Pérez 0-0: Ball
1-0: Called Strike
1-1: Foul Ball, location: 2F
1-2: Foul Ball, location: 2F
1-2: Strikes out swinging
Batting: RHB Jesús Cuevas 0-0: Called Strike
0-1: Ball
1-1: Ball
2-1: Ground out 6-3 (Groundball, 56)
Bottom of the 2nd over - 0 run(s), 0 hit(s), 0 error(s), 0 left on base; Culver City 3 - Menlo 0
TOP OF THE 3RD
Culver City Extras batting - Pitching for Menlo Maniacs : RHP Dan Wilson
Batting: LHB Jason Lambert 0-0: Ball
1-0: Called Strike
1-1: Fly out, F8 (Flyball, 8LD)
Batting: RHB Ricardo Cabrera 0-0: Foul Ball, location: 2F
0-1: Swinging Strike
0-2: Ball
1-2: Strikes out swinging
Batting: RHB Oscar Rudd 0-0: Ball
1-0: Foul Ball, location: 2F
1-1: Ball
2-1: Ground out 6-3 (Groundball, 6)
Top of the 3rd over - 0 run(s), 0 hit(s), 0 error(s), 0 left on base; Culver City 3 - Menlo 0
BOTTOM OF THE 3RD
Menlo Maniacs batting - Pitching for Culver City Extras : RHP Guy Smith
Batting: LHB Héctor Flores 0-0: Ball
1-0: Ground out 4-3 (Groundball, 13)
Batting: RHB Alberto Hernández 0-0: Swinging Strike
0-1: Ground out 4-3 (Groundball, 4M)
Batting: LHB Vincente Sáenz 0-0: Ball
1-0: Ball
2-0: Ball
3-0: Called Strike
3-1: Foul Ball, location: 2F
3-2: Strikes out swinging
Bottom of the 3rd over - 0 run(s), 0 hit(s), 0 error(s), 0 left on base; Culver City 3 - Menlo 0
TOP OF THE 4TH
Culver City Extras batting - Pitching for Menlo Maniacs : RHP Dan Wilson
Batting: LHB Larry Howard 0-0: Called Strike
0-1: Ground out 4-3 (Groundball, 4)
Batting: RHB Armando Pagán 0-0: Foul Ball, location: 2F
0-1: Ball
1-1: Ball
2-1: SINGLE (Groundball, 56D)
Batting: RHB Cal Rogers 0-0: Ball
1-0: Ball
2-0: Called Strike
2-1: Ball
3-1: Called Strike
3-2: Strikes out looking
Batting: RHB Salvador Medine 0-0: Ball
1-0: Swinging Strike
1-1: Ball
2-1: Swinging Strike
2-2: Ball
3-2: SINGLE (Line Drive, 89S)
Armando Pagán to second
Armando Pagán to third
Batting: RHB Sergio Pujols 0-0: Ball
Salvador Medine steals 2nd base
1-0: 3-RUN HOME RUN (Flyball, 7D), Distance : 390 ft
Batting: RHB Mario López 0-0: Called Strike
0-1: Swinging Strike
0-2: Ball
1-2: Fly out, F8 (Flyball, 8LD)
Top of the 4th over - 3 run(s), 3 hit(s), 0 error(s), 0 left on base; Culver City 6 - Menlo 0
BOTTOM OF THE 4TH
Menlo Maniacs batting - Pitching for Culver City Extras : RHP Guy Smith
Batting: RHB Yasuhiko Sumita 0-0: Foul Ball, location: 2F
0-1: Fly out, F4 (Line Drive, 4)
Batting: RHB Tom Meyer 0-0: Swinging Strike
0-1: Ball
1-1: Swinging Strike
1-2: Ball
2-2: Ground out 5-3 (Groundball, 56)
Batting: LHB Paul Alexander 0-0: Foul Ball, location: 2F
0-1: Swinging Strike
0-2: Ball
1-2: Foul Ball, location: 2F
1-2: Strikes out swinging
Bottom of the 4th over - 0 run(s), 0 hit(s), 0 error(s), 0 left on base; Culver City 6 - Menlo 0
TOP OF THE 5TH
Culver City Extras batting - Pitching for Menlo Maniacs : RHP Dan Wilson
Batting: LHB Jason Lambert 0-0: Ball
1-0: Ball
2-0: Ball
3-0: Called Strike
3-1: SINGLE (Line Drive, 6MD)
Batting: RHB Ricardo Cabrera 0-0: Foul Ball, location: 2F
0-1: Ball
1-1: SINGLE (Groundball, 56D)
Jason Lambert to second
Batting: RHB Oscar Rudd 0-0: Foul Ball, location: 2F
0-1: Called Strike
0-2: Ball
1-2: Foul Ball, location: 2F
1-2: Foul Ball, location: 2F
1-2: Grounds into double play, 6-4-3 (Groundball, 6)
Jason Lambert to third
Batting: LHB Larry Howard 0-0: SINGLE (Flyball, 78S)
Jason Lambert scores
Pitching: RHP Steve Standard
Batting: RHB Armando Pagán 0-0: Called Strike
0-1: Ball
1-1: Called Strike
1-2: Foul Ball, location: 2F
1-2: Ball
2-2: Strikes out looking
Top of the 5th over - 1 run(s), 3 hit(s), 0 error(s), 1 left on base; Culver City 7 - Menlo 0
BOTTOM OF THE 5TH
Menlo Maniacs batting - Pitching for Culver City Extras : RHP Guy Smith
Batting: RHB Bob Campbell 0-0: Fly out, F8 (Line Drive, 8RD)
Batting: LHB Marcos Pérez 0-0: Fly out, F7 (Flyball, 7D)
Batting: RHB Jesús Cuevas 0-0: Ground out 1-3 (Groundball, 13S)
Bottom of the 5th over - 0 run(s), 0 hit(s), 0 error(s), 0 left on base; Culver City 7 - Menlo 0
TOP OF THE 6TH
Culver City Extras batting - Pitching for Menlo Maniacs : RHP Steve Standard
Batting: RHB Cal Rogers 0-0: Called Strike
0-1: Swinging Strike
0-2: Ball
1-2: Foul Ball, location: 2F
1-2: Strikes out looking
Batting: RHB Salvador Medine 0-0: Ball
1-0: Ball
2-0: Called Strike
2-1: Foul Ball, location: 2F
2-2: Foul Ball, location: 2F
2-2: Foul Ball, location: 2F
2-2: Ground out 4-3 (Groundball, 4)
Batting: RHB Sergio Pujols 0-0: Foul Ball, location: 2F
0-1: Foul Ball, location: 2F
0-2: Foul Ball, location: 2F
0-2: Foul Ball, location: 2F
0-2: Ball
1-2: Fly out, F7 (Line Drive, 78M)
Top of the 6th over - 0 run(s), 0 hit(s), 0 error(s), 0 left on base; Culver City 7 - Menlo 0
BOTTOM OF THE 6TH
Menlo Maniacs batting - Pitching for Culver City Extras : RHP Guy Smith
Batting: LHB Héctor Flores 0-0: Ball
1-0: SINGLE (Flyball, 8RS)
Batting: RHB Alberto Hernández 0-0: Ball
1-0: Grounds into double play, 5-4-3 (Groundball, 56)
Batting: LHB Vincente Sáenz 0-0: Ball
1-0: Ball
2-0: Foul Ball, location: 2F
2-1: Foul Ball, location: 2F
2-2: Ball
3-2: Ground out 3-1 (Groundball, 34)
Bottom of the 6th over - 0 run(s), 1 hit(s), 0 error(s), 0 left on base; Culver City 7 - Menlo 0
TOP OF THE 7TH
Culver City Extras batting - Pitching for Menlo Maniacs : RHP Steve Standard
Batting: RHB Mario López 0-0: Ground out 5-3 (Groundball, 56)
Batting: LHB Jason Lambert 0-0: Foul Ball, location: 2F
0-1: Fly out, F7 (Flyball, 7M)
Batting: RHB Ricardo Cabrera 0-0: Called Strike
0-1: Ball
1-1: Ball
2-1: Ball
3-1: SINGLE (Groundball, 56)
Batting: RHB Oscar Rudd 0-0: Ball
Ricardo Cabrera is caught stealing 2nd base
Top of the 7th over - 0 run(s), 1 hit(s), 0 error(s), 0 left on base; Culver City 7 - Menlo 0
BOTTOM OF THE 7TH
Menlo Maniacs batting - Pitching for Culver City Extras : RHP Guy Smith
Batting: RHB Yasuhiko Sumita 0-0: Called Strike
0-1: Ball
1-1: SINGLE (Line Drive, 34D)
Batting: RHB Tom Meyer 0-0: Ball
1-0: Ball
2-0: SINGLE (Groundball, 56D)
Yasuhiko Sumita to second
Batting: LHB Paul Alexander 0-0: Ball
1-0: Called Strike
1-1: Called Strike
1-2: Strikes out swinging
Batting: RHB Bob Campbell 0-0: Grounds into double play, 1-6-3 (Groundball, 23)
Bottom of the 7th over - 0 run(s), 2 hit(s), 0 error(s), 1 left on base; Culver City 7 - Menlo 0
TOP OF THE 8TH
Culver City Extras batting - Pitching for Menlo Maniacs : RHP Steve Standard
Pitching: LHP José Acosta
Batting: RHB Oscar Rudd 0-0: Fly out, F9 (Flyball, 89M)
Batting: LHB Larry Howard 0-0: Ball
1-0: Ball
2-0: Foul Ball, location: 2F
2-1: Foul Ball, location: 2F
2-2: Ball
3-2: Base on Balls
Batting: RHB Armando Pagán 0-0: Ball
1-0: Ball
2-0: SINGLE (Groundball, 5L)
Larry Howard to second
Batting: RHB Cal Rogers 0-0: Called Strike
Larry Howard steals 3rd base
Armando Pagán to second
0-1: Ball
1-1: SINGLE (Groundball, 3D)
Larry Howard scores
Armando Pagán to third
Runner from 3rd tries for Home, SAFE, no throw or cutoff
Batting: RHB Salvador Medine 0-0: Swinging Strike
0-1: Foul Ball, location: 2F
0-2: Foul Ball, location: 2F
0-2: Fly out, F5 (Popup, 5F)
Batting: RHB Sergio Pujols 0-0: Ball
1-0: Swinging Strike
1-1: Called Strike
1-2: Strikes out looking
Top of the 8th over - 2 run(s), 2 hit(s), 0 error(s), 1 left on base; Culver City 9 - Menlo 0
BOTTOM OF THE 8TH
Menlo Maniacs batting - Pitching for Culver City Extras : RHP Guy Smith
Now at SS: Francisco Rodríguez
Batting: LHB Marcos Pérez 0-0: DOUBLE (Flyball, 9D)
Batting: RHB Jesús Cuevas 0-0: Ball
1-0: Ball
2-0: Fly out, F9 (Flyball, 9M)
Batting: LHB Héctor Flores 0-0: Foul Ball, location: 2F
0-1: Foul Ball, location: 2F
0-2: Foul Ball, location: 2F
0-2: Strikes out swinging
Batting: RHB Alberto Hernández 0-0: Called Strike
0-1: Ball
1-1: 2-RUN HOME RUN (Flyball, 78XD), Distance : 409 ft
Batting: LHB Vincente Sáenz 0-0: Ball
1-0: Ball
2-0: Ball
3-0: Called Strike
3-1: Foul Ball, location: 2F
3-2: Foul Ball, location: 2F
3-2: Foul Ball, location: 2F
3-2: Fly out, F4 (Line Drive, 4)
Bottom of the 8th over - 2 run(s), 2 hit(s), 0 error(s), 0 left on base; Culver City 9 - Menlo 2
TOP OF THE 9TH
Culver City Extras batting - Pitching for Menlo Maniacs : LHP José Acosta
Pitching: RHP William Simpson
Batting: RHB Mario López 0-0: Ball
1-0: Ball
2-0: Fly out, F9 (Flyball, 89M)
Batting: LHB Jason Lambert 0-0: Called Strike
0-1: Ball
1-1: Ball
2-1: SINGLE (Line Drive, 56D)
Batting: RHB Ricardo Cabrera 0-0: Ball
1-0: Ball
2-0: Ball
3-0: Called Strike
3-1: Foul Ball, location: 2F
3-2: Foul Ball, location: 2F
3-2: Base on Balls
Jason Lambert to second
Batting: RHB Oscar Rudd 0-0: Fly out, F7 (Flyball, 78S)
Pinch Hitting: LHB Stan Bates 0-0: Ball
1-0: Called Strike
1-1: Ball
2-1: Ball
3-1: Base on Balls
Jason Lambert to third
Ricardo Cabrera to second
Batting: RHB Armando Pagán 0-0: Called Strike
0-1: Ground out 4-3 (Groundball, 4)
Top of the 9th over - 0 run(s), 1 hit(s), 0 error(s), 3 left on base; Culver City 9 - Menlo 2
BOTTOM OF THE 9TH
Menlo Maniacs batting - Pitching for Culver City Extras : RHP Guy Smith
Pitching: RHP Juan Tapia
Now at 1B: Stan Bates
Now at 3B: Max Rash
Batting: RHB Yasuhiko Sumita 0-0: Called Strike
0-1: Ball
1-1: Ball
2-1: Ball
3-1: Base on Balls
Batting: RHB Tom Meyer 0-0: Called Strike
0-1: Ball
1-1: Grounds into double play, 4-6-3 (Groundball, 4)
Batting: LHB Paul Alexander 0-0: Ball
1-0: Called Strike
1-1: Ball
2-1: Swinging Strike
2-2: Ground out 3-1 (Groundball, 34)
Bottom of the 9th over - 0 run(s), 0 hit(s), 0 error(s), 0 left on base; Culver City 9 - Menlo 2
This league is powered by Out of the Park Baseball, the baseball management simulation game for PC, Mac and Linux
Wednesday, December 2nd, 2015 - OOTP Baseball 16.8 Build 38